[Event "Titled Tuesday Blitz August 3 2021"]
[White "Maksimovic, Bojan"]
[Black "Volkov, Maksim"]
[WhiteFideId "14408120"]
[BlackFideId "54123070"]
[WhiteElo "2439"]
[BlackElo "2113"]
[Result "1-0"]
[Round "08"]
[TimeControl "180+1"]
[Date "2021.08.03"]
[WhiteClock "0:00:02"]
[BlackClock "0:00:05"]

1. g3 d5 2. Bg2 Nf6 3. d3 c6 4. Nd2 Bg4 5. f3 Bh5 6. e4 dxe4 7. dxe4 e5 8. Nh3 Bc5 9. Nf2 O-O 10. O-O Nbd7 11. Qe2 Re8 12. Nb3 Bb6 13. a4 a5 14. Be3 Nf8 15. Nc5 Bxc5 16. Bxc5 Ne6 17. Be3 Qc7 18. c3 Rad8 19. h4 h6 20. Bh3 Nd7 21. Bxe6 Rxe6 22. g4 Bg6 23. h5 Bh7 24. Nd3 Kh8 25. Rad1 f6 26. Qf2 Bg8 27. Nc5 Nxc5 28. Bxc5 Qb8 29. Ba7 Qc8 30. Bb6 Rxd1 31. Rxd1 Re7 32. Rd8 Qe6 33. Qd2 Qb3 34. Bc5 Rf7 35. Ra8 b6 36. Be3 Kh7 37. Kf2 Rb7 38. Kg3 Qxa4 39. b4 Qb5 40. bxa5 bxa5 41. Qd8 Qc4 42. Qc8 Rb2 43. Bxh6 Qe6 44. Qxe6 Bxe6 45. Be3 Ra2 46. Bb6 a4 47. Bc5 Bb3 48. Ra7 Kg8 49. Be7 Rc2 50. h6 gxh6 51. Bxf6 Rxc3 52. Bxe5 Rd3 53. Kf2 Bc2 54. f4 a3 55. Ke2 Bb1 56. Ra8+ Kf7 57. Ra7+ Ke8 58. Ba1 Rb3 59. e5 a2 60. f5 Rb4 61. e6 Re4+ 62. Kf3 Rb4 63. f6 Rb3+ 64. Kf2 Kd8 65. f7 1-0


[Site "https://www.chess.com"]

[Event "Titled Tuesday Blitz August 3 2021"]
[White "Maltsevskaya, Aleksandra"]
[Black "Isajevsky, Anton"]
[WhiteFideId "24174041"]
[BlackFideId "4142500"]
[WhiteElo "2225"]
[BlackElo "2510"]
[Result "0-1"]
[Round "08"]
[TimeControl "180+1"]
[Date "2021.08.03"]
[WhiteClock "0:00:01"]
[BlackClock "0:00:11"]

1. e4 b6 2. d4 Bb7 3. Nd2 e6 4. Ngf3 c5 5. c3 Nf6 6. Bd3 Nc6 7. O-O d5 8. exd5 Nxd5 9. dxc5 Bxc5 10. Ne4 Be7 11. a3 Qc7 12. Bc2 O-O-O 13. a4 Nxc3 14. Qe1 Nb4 15. Bf4 Qxf4 16. Qxc3+ Kb8 17. g3 Qc7 18. Qxc7+ Kxc7 19. Bb1 f6 20. Ra3 e5 21. Rc3+ Kb8 22. Nh4 g6 23. Ng2 f5 24. Ng5 Bxg5 25. Rc4 Nd3 26. f4 exf4 27. gxf4 Bxg2 28. Kxg2 Nxf4+ 29. Kf3 Ne6 30. a5 Be7 31. Re1 Ng5+ 32. Kf4 Bf6 33. axb6 axb6 34. Rb4 Kb7 35. Bc2 Rhe8 0-1


[Site "https://www.chess.com"]

[Event "Titled Tuesday Blitz August 3 2021"]
[White "Manukyan, Sargis A."]
[Black "Fayzullaev, Akmal"]
[WhiteFideId "13303970"]
[BlackFideId "14200554"]
[WhiteElo "2187"]
[BlackElo "2264"]
[Result "1-0"]
[Round "08"]
[TimeControl "180+1"]
[Date "2021.08.03"]
[WhiteClock "0:01:43"]
[BlackClock "0:01:10"]

1. d4 Nf6 2. c4 c5 3. d5 g6 4. Nc3 Bg7 5. Nf3 d6 6. g3 O-O 7. Bg2 e6 8. O-O exd5 9. cxd5 Re8 10. Nd2 a6 11. a4 Nbd7 12. Nc4 Ne5 13. Na3 Nh5 14. h3 f5 15. Kh2 Qf6 16. f4 Nf7 17. Nc4 Rb8 18. a5 Bd7 19. e4 Bb5 20. Qb3 Bxc4 21. Qxc4 Qd4 22. Ra4 fxe4 23. Nxe4 Qxc4 24. Rxc4 b5 25. axb6 Rxb6 26. g4 Nf6 27. Nxf6+ Bxf6 28. Rc2 Bd4 29. Kg3 Reb8 30. Re1 Bxb2 31. Bxb2 Rxb2 32. Rxb2 Rxb2 33. Re8+ Kg7 34. Ra8 Rb3+ 35. Bf3 Ra3 36. g5 h6 37. h4 hxg5 38. hxg5 a5 39. Ra7 a4 40. Kg2 c4 41. Bg4 Kf8 42. Ra8+ Ke7 43. Ra7+ Kf8 44. Ra8+ Kg7 45. Be6 Nh8 46. Ra7+ Kf8 47. Rh7 Rb3 48. Rxh8+ Ke7 49. Rh7+ Kd8 50. Rd7+ Ke8 51. Rxd6 a3 52. Ra6 c3 53. d6 Rb8 54. Rxa3 c2 55. Rc3 1-0


[Site "https://www.chess.com"]

[Event "Titled Tuesday Blitz August 3 2021"]
[White "Martinez Alcantara, Jose Eduardo"]
[Black "Mirzoev, Azer"]
[WhiteFideId "3805662"]
[BlackFideId "13400304"]
[WhiteElo "2690"]
[BlackElo "2525"]
[Result "1-0"]
[Round "08"]
[TimeControl "180+1"]
[Date "2021.08.03"]
[WhiteClock "0:00:58"]
[BlackClock "0:00:03"]

1. e4 e5 2. Nf3 Nc6 3. Bb5 a6 4. Ba4 Nge7 5. c3 d6 6. O-O Bd7 7. d4 g6 8. dxe5 dxe5 9. Be3 Bg7 10. Bc5 b6 11. Ba3 b5 12. Bb3 O-O 13. Nbd2 h6 14. Re1 Re8 15. Nf1 Na5 16. Ne3 Nxb3 17. axb3 Be6 18. Qc2 Qc8 19. Bc5 Kh7 20. b4 Nc6 21. Qe2 Qb7 22. h3 a5 23. Rad1 axb4 24. cxb4 Ra2 25. Nd5 Nd4 26. Nxd4 exd4 27. Qf3 Bxd5 28. exd5 Rxe1+ 29. Rxe1 f5 30. Re7 Ra1+ 31. Kh2 1-0


[Site "https://www.chess.com"]

[Event "Titled Tuesday Blitz August 3 2021"]
[White "MikeKorovin"]
[Black "Skatchkov, Pavel"]
[BlackFideId "4121848"]
[WhiteElo "2726"]
[BlackElo "2476"]
[Result "0-1"]
[Round "08"]
[TimeControl "180+1"]
[Date "2021.08.03"]
[WhiteClock "0:00:29"]
[BlackClock "0:00:35"]

1. Nf3 Nf6 2. b3 e6 3. Bb2 c5 4. g3 b6 5. Bg2 Bb7 6. O-O Be7 7. c4 O-O 8. Nc3 Nc6 9. e3 d5 10. cxd5 exd5 11. d4 Rc8 12. Rc1 Re8 13. Qd3 Nb4 14. Qb1 c4 15. Ne5 cxb3 16. axb3 Bd6 17. Bh3 Rc7 18. Nb5 Rxc1 19. Rxc1 Bxe5 20. dxe5 Ne4 21. Nd4 Rxe5 22. Ba3 a5 23. Bxb4 axb4 24. Qa1 Qf6 25. f4 Re8 26. Qa7 Nc5 27. Re1 Ra8 0-1


[Site "https://www.chess.com"]

[Event "Titled Tuesday Blitz August 3 2021"]
[White "Mikhailovsky, Vladimir"]
[Black "FGHSMN"]
[WhiteFideId "34105414"]
[WhiteElo "2315"]
[BlackElo "2535"]
[Result "0-1"]
[Round "08"]
[TimeControl "180+1"]
[Date "2021.08.03"]
[WhiteClock "0:00:04"]
[BlackClock "0:00:41"]

1. d4 Nf6 2. c4 c5 3. d5 b5 4. Nc3 bxc4 5. e4 d6 6. Bxc4 g6 7. Nge2 Bg7 8. h4 Nbd7 9. Ng3 h5 10. O-O O-O 11. Bg5 Rb8 12. Qd2 Rb4 13. Be2 Ne5 14. b3 Nh7 15. Bh6 Rd4 16. Qc1 Nf6 17. Bxg7 Kxg7 18. Nb5 Rb4 19. a3 Rxb3 20. Qc2 c4 21. Bxc4 Rxg3 22. fxg3 Qb6+ 23. Kh1 Ba6 24. Rab1 Qc5 25. Bd3 Qe3 26. Be2 Nxe4 27. Rb3 Nxg3+ 28. Kh2 Nxf1+ 29. Bxf1 Ng4+ 30. Kh1 Qf4 31. g3 Qxf1# 0-1


[Site "https://www.chess.com"]

[Event "Titled Tuesday Blitz August 3 2021"]
[White "Mitusov, Semen"]
[Black "Shkapenko, Pavel"]
[WhiteFideId "14151049"]
[BlackFideId "4151933"]
[WhiteElo "2256"]
[BlackElo "2386"]
[Result "0-1"]
[Round "08"]
[TimeControl "180+1"]
[Date "2021.08.03"]
[WhiteClock "0:00:58"]
[BlackClock "0:02:07"]

1. e4 e5 2. Nf3 Nc6 3. Bc4 d6 4. h3 f5 5. exf5 Bxf5 6. d4 e4 7. Qe2 Be7 8. Bxg8 Rxg8 9. Qb5 Qd7 10. Nfd2 Nxd4 11. Qc4 Ne6 12. Nc3 O-O-O 13. O-O d5 14. Qb3 Nd4 15. Qa4 Qxa4 16. Nxa4 Nxc2 17. Rb1 e3 18. fxe3 Nxe3 0-1


[Site "https://www.chess.com"]

[Event "Titled Tuesday Blitz August 3 2021"]
[White "Mohammad Nubairshah Shaikh"]
[Black "Terry, Renato"]
[WhiteFideId "5053196"]
[BlackFideId "3803457"]
[WhiteElo "2382"]
[BlackElo "2581"]
[Result "0-1"]
[Round "08"]
[TimeControl "180+1"]
[Date "2021.08.03"]
[WhiteClock "0:01:05"]
[BlackClock "0:01:05"]

1. Nf3 Nf6 2. g3 d5 3. b3 c6 4. Bb2 Bg4 5. Ne5 Bh5 6. Bg2 Nbd7 7. O-O e6 8. d4 Be7 9. Nd2 Nxe5 10. dxe5 Nd7 11. c4 O-O 12. Re1 Nc5 13. Rc1 Nd3 14. Qc2 Nxc1 15. Qxc1 Qa5 16. a3 Rfd8 17. e3 Rd7 18. h3 Rad8 19. b4 Qa4 20. g4 Bg6 21. Bd4 a5 22. Bb6 axb4 23. Bxd8 Rxd8 24. axb4 Bxb4 25. cxd5 cxd5 26. Qb2 Ra8 27. e4 dxe4 28. Bxe4 Bxd2 29. Qxb7 Bxe1 30. Qxa8+ Qxa8 31. Bxa8 0-1


[Site "https://www.chess.com"]

[Event "Titled Tuesday Blitz August 3 2021"]
[White "Molina, Roberto Junio Brito"]
[Black "Egorov, Evgeny"]
[WhiteFideId "2109450"]
[BlackFideId "13700421"]
[WhiteElo "2402"]
[BlackElo "2422"]
[Result "1-0"]
[Round "08"]
[TimeControl "180+1"]
[Date "2021.08.03"]
[WhiteClock "0:00:20"]
[BlackClock "0:00:04"]

1. d4 d5 2. c4 Nc6 3. cxd5 Qxd5 4. e3 e5 5. Nc3 Bb4 6. Bd2 Bxc3 7. Bxc3 exd4 8. Ne2 Nf6 9. Nxd4 O-O 10. Qb3 Qxb3 11. axb3 Nxd4 12. Bxd4 Ne4 13. f3 Nd6 14. e4 Be6 15. b4 a6 16. Rc1 c6 17. Rd1 Rfd8 18. Be2 Bb3 19. Rd2 Nc4 20. Bxc4 Bxc4 21. Kf2 Rd7 22. Bc3 Rxd2+ 23. Bxd2 Rd8 24. Bc3 f6 25. h4 h5 26. Rg1 Kf7 27. Ke3 Rd3+ 28. Kf2 Rd8 29. Re1 Rc8 30. Rd1 Ke6 31. Ke3 c5 32. f4 cxb4 33. f5+ Kf7 34. Bxb4 Bb5 35. Bc3 Bc6 36. Kf4 Re8 37. Re1 b6 38. g3 a5 39. e5 fxe5+ 40. Bxe5 Rc8 41. Rd1 b5 42. Rd6 Be8 43. Rg6 Rc4+ 44. Ke3 Rg4 45. Ra6 a4 46. Ra7+ Kf8 47. Bf4 b4 48. Rb7 a3 49. bxa3 bxa3 50. Ra7 a2 51. Rxa2 Bd7 52. Ke4 Ke8 53. Ke5 Ke7 54. Ra7 Ke8 55. Ra8+ Kf7 56. Rh8 Bxf5 57. Kxf5 g6+ 58. Ke5 Kg7 59. Rb8 g5 60. hxg5 h4 61. Kf5 hxg3 62. Rb7+ Kf8 63. Kxg4 g2 64. Be3 g1=Q+ 65. Bxg1 1-0


[Site "https://www.chess.com"]

[Event "Titled Tuesday Blitz August 3 2021"]
[White "Moon_stone123"]
[Black "Siddharth, Jagadeesh"]
[BlackFideId "5818320"]
[WhiteElo "2427"]
[BlackElo "2127"]
[Result "0-1"]
[Round "08"]
[TimeControl "180+1"]
[Date "2021.08.03"]
[WhiteClock "0:00:55"]
[BlackClock "0:00:24"]

1. Nf3 Nf6 2. g3 c5 3. Bg2 Nc6 4. c4 d5 5. cxd5 Nxd5 6. Nc3 Nc7 7. O-O e5 8. d3 Be7 9. Nd2 O-O 10. a4 Be6 11. Nc4 f6 12. Nb5 Nd5 13. Nc3 Rc8 14. Nxd5 Bxd5 15. Bxd5+ Qxd5 16. Bd2 b6 17. Bc3 Rfd8 18. Qb3 Nd4 19. Bxd4 cxd4 20. Qb5 Rc7 21. Qxd5+ Rxd5 22. Rfc1 Bb4 23. Na3 Rxc1+ 24. Rxc1 Bxa3 25. bxa3 Rc5 26. Rc4 Rxc4 27. dxc4 Kf7 28. Kf1 Ke6 29. Ke1 Kd6 30. Kd2 e4 31. f3 f5 32. g4 g6 33. gxf5 gxf5 34. fxe4 fxe4 35. Kc2 Kc5 36. Kb3 a5 37. e3 dxe3 38. Kc3 e2 39. Kd2 Kxc4 40. Kxe2 Kb3 41. Ke3 Kxa3 42. Kxe4 Kxa4 0-1


[Site "https://www.chess.com"]

[Event "Titled Tuesday Blitz August 3 2021"]
[White "Nefedov, Sergey"]
[Black "Berezin, Viktor"]
[WhiteFideId "24113417"]
[BlackFideId "14107872"]
[WhiteElo "2385"]
[BlackElo "2310"]
[Result "0-1"]
[Round "08"]
[TimeControl "180+1"]
[Date "2021.08.03"]
[WhiteClock "0:00:41"]
[BlackClock "0:01:15"]

1. d4 Nf6 2. Nf3 g6 3. c4 Bg7 4. Nc3 O-O 5. Bg5 d6 6. Qd2 Nc6 7. d5 Na5 8. e4 c5 9. Bh6 a6 10. h4 e5 11. dxe6 Bxe6 12. Bxg7 Kxg7 13. b3 b5 14. cxb5 axb5 15. Qb2 Kg8 16. Bd3 c4 17. bxc4 bxc4 18. Be2 Rb8 19. Qd2 d5 20. e5 Ne4 21. Qd4 Nc6 22. Qe3 Nxc3 23. Qxc3 d4 24. Qd2 d3 25. Bd1 Qd5 26. O-O Nxe5 27. Re1 Nxf3+ 28. Bxf3 Qd4 29. Rac1 Rb2 30. Qc3 Qxf2+ 31. Kh1 Qxh4+ 32. Kg1 Qf2+ 33. Kh1 d2 34. Rf1 dxc1=Q 35. Qxc1 Qh4+ 36. Kg1 Qd4+ 37. Kh1 c3 38. a4 c2 0-1


[Site "https://www.chess.com"]

[Event "Titled Tuesday Blitz August 3 2021"]
[White "Nguyen, Hong Anh"]
[Black "Sarkar, Justin"]
[WhiteFideId "12406732"]
[BlackFideId "2010011"]
[WhiteElo "1974"]
[BlackElo "2072"]
[Result "0-1"]
[Round "08"]
[TimeControl "180+1"]
[Date "2021.08.03"]
[WhiteClock "0:00:25"]
[BlackClock "0:00:10"]

1. d4 Nf6 2. c4 e6 3. Nf3 b6 4. g3 Bb7 5. Bg2 Be7 6. O-O Qc8 7. Nc3 Ne4 8. Qc2 Nxc3 9. Qxc3 O-O 10. Bf4 Be4 11. Rfd1 Qb7 12. d5 d6 13. Qe3 Bxf3 14. Bxf3 e5 15. Bxe5 dxe5 16. d6 c6 17. dxe7 Qxe7 18. b3 f5 19. Rd2 e4 20. Rad1 Na6 21. Rd7 Qc5 22. Qg5 Qe5 23. Bg2 Nc5 24. R7d6 Rae8 25. Rxc6 Ne6 26. Qc1 Nd4 27. Rxd4 Qxd4 28. e3 Qd3 29. Bf1 Qd7 30. Rxb6 axb6 31. c5 Rd8 32. cxb6 Qd1 33. Qc4+ Kh8 34. b7 Rb8 35. Qa6 Qd7 36. Bc4 Qxb7 37. Qe6 Rbe8 38. Qd6 Qe7 39. Qb6 Rd8 40. Kg2 Rd6 41. Qb4 Rfd8 42. a4 g5 43. Qc3+ Qf6 44. Qb4 f4 45. exf4 gxf4 46. g4 f3+ 47. Kh3 Qh6+ 48. Kg3 Qg7 49. Qc5 Rg6 50. h3 h5 51. Qxh5+ Qh6 52. Qe5+ Qg7 53. Qxe4 Qc7+ 54. Kxf3 Rf6+ 55. Kg2 Qc6 56. Qxc6 Rxc6 57. a5 Rd4 58. Be2 Re6 59. Bf3 Rb4 60. Bd5 Ra6 61. Bc4 Rxa5 62. Be6 Rc5 63. Kg3 Kg7 64. f3 Rc3 65. h4 Kf6 66. Bg8 Rbxb3 67. Bxb3 Rxb3 68. g5+ Kf5 69. Kf2 Rb4 70. Kg3 Rc4 71. Kh3 Rb4 72. Kg3 Ra4 73. Kh3 Kf4 74. Kg2 Kf5 75. Kg3 Ra6 76. Kh3 Kf4 77. Kg2 Ra2+ 78. Kh3 Kxf3 79. h5 Ra5 80. Kh4 Ra4+ 81. Kh3 Kf4 82. Kh4 Kf5+ 83. Kg3 Kxg5 84. Kf3 Kxh5 85. Ke3 Kg5 86. Kd3 Kf5 87. Kc3 Re4 88. Kb3 Ke5 89. Kc3 Kd5 90. Kd3 Re5 91. Kc3 Kc5 92. Kd3 Re6 93. Kc3 Re3+ 94. Kd2 Kd4 95. Kc2 Kc4 96. Kd2 Re4 97. Kd1 Kc3 98. Kc1 Re1# 0-1


[Site "https://www.chess.com"]

[Event "Titled Tuesday Blitz August 3 2021"]
[White "Nozdrachev, Leonid"]
[Black "Pires, Marcos Vinicius Torsani"]
[WhiteFideId "24113433"]
[BlackFideId "2118939"]
[WhiteElo "2221"]
[BlackElo "2273"]
[Result "1-0"]
[Round "08"]
[TimeControl "180+1"]
[Date "2021.08.03"]
[WhiteClock "0:01:27"]
[BlackClock "0:00:16"]

1. e4 e6 2. d4 d5 3. e5 c5 4. c3 Nc6 5. Nf3 Qb6 6. a3 Bd7 7. b4 cxd4 8. cxd4 Rc8 9. Be2 Nge7 10. O-O Nf5 11. Bb2 Na5 12. Nbd2 Nc4 13. Nxc4 dxc4 14. Bc3 Qc6 15. a4 b6 16. b5 Qd5 17. g4 Ne7 18. Nd2 Qb7 19. Nxc4 Nd5 20. Bd2 Be7 21. f4 O-O 22. f5 exf5 23. gxf5 Rfe8 24. Bd3 Bf8 25. Qh5 Nb4 26. Bxb4 Bxb4 27. e6 Bxe6 28. fxe6 Rxe6 29. Qxh7+ Kf8 30. Ne5 f6 31. Qh8+ Ke7 32. Qxg7+ Kd6 33. Qxb7 1-0


[Site "https://www.chess.com"]

[Event "Titled Tuesday Blitz August 3 2021"]
[White "Omk124"]
[Black "Maly, Alexey"]
[BlackFideId "14103184"]
[WhiteElo "2536"]
[BlackElo "2285"]
[Result "0-1"]
[Round "08"]
[TimeControl "180+1"]
[Date "2021.08.03"]
[WhiteClock "0:00:23"]
[BlackClock "0:00:37"]

1. e4 c6 2. Ne2 d5 3. exd5 cxd5 4. d4 Nc6 5. Nf4 Nf6 6. c3 Bf5 7. Bd3 Bxd3 8. Nxd3 g6 9. Bf4 Bg7 10. Nd2 O-O 11. O-O e6 12. h3 Rc8 13. Ne5 Nxe5 14. Bxe5 Qe7 15. Re1 Nd7 16. Bxg7 Kxg7 17. Qe2 Qd6 18. Nf3 a6 19. Rad1 b5 20. Qe3 a5 21. h4 h5 22. Qg5 b4 23. Re3 bxc3 24. bxc3 Rfe8 25. Rde1 Qe7 26. Qxd5 Rxc3 27. Qxa5 Rc2 28. Ne5 Qxh4 29. Rf3 Nxe5 30. Qxe5+ Kg8 31. Rf4 Qd8 32. a4 Qb8 33. Qf6 Rc7 34. Re3 Qd8 35. Qe5 Rd7 36. Ref3 Rd5 37. Qe4 f5 38. Qe2 g5 39. Rg3 Kf8 40. Rff3 g4 41. Rf4 Rxd4 42. Qe5 Rd1+ 43. Kh2 Qg5 44. Rc3 Kf7 45. Rc7+ Re7 46. Rxe7+ Qxe7 47. Qh8 Qh4# 0-1


[Site "https://www.chess.com"]

[Event "Titled Tuesday Blitz August 3 2021"]
[White "Pajeken, Jakob Leon"]
[Black "Florescu, Codrut-Constantin"]
[WhiteFideId "12942839"]
[BlackFideId "1202200"]
[WhiteElo "2231"]
[BlackElo "2243"]
[Result "1-0"]
[Round "08"]
[TimeControl "180+1"]
[Date "2021.08.03"]
[WhiteClock "0:02:03"]
[BlackClock "0:02:03"]

1. d4 Nf6 2. Nf3 e6 3. Bf4 d5 4. e3 c5 5. c3 Nc6 6. Nbd2 Be7 7. h3 Bd6 8. dxc5 Bxc5 9. Bd3 O-O 10. e4 h6 11. e5 Nd7 12. Nb3 Be7 13. Qe2 b6 14. O-O Bb7 15. Bh2 Nc5 16. Bc2 Ba6 17. Qd1 Bxf1 18. Qxf1 Nxb3 19. axb3 Na5 20. Bf4 Qc7 21. Qd3 f5 22. exf6 1-0


[Site "https://www.chess.com"]

[Event "Titled Tuesday Blitz August 3 2021"]
[White "Papasimakopoulos, Alexandros"]
[Black "Dvirnyy, Danyyil"]
[WhiteFideId "4244125"]
[BlackFideId "817570"]
[WhiteElo "2352"]
[BlackElo "2531"]
[Result "1-0"]
[Round "08"]
[TimeControl "180+1"]
[Date "2021.08.03"]
[WhiteClock "0:02:19"]
[BlackClock "0:02:02"]

1. d4 Nf6 2. c4 e6 3. Nc3 Bb4 4. Qc2 b6 5. a3 Bxc3+ 6. Qxc3 Bb7 7. f3 d5 8. Bg5 Nbd7 9. e3 h6 10. Bh4 O-O 11. cxd5 exd5 12. Bd3 c5 13. Ne2 Re8 14. O-O Rc8 15. Qd2 Qe7 16. Bf2 a5 17. Ng3 c4 18. Bc2 Nb8 19. Nf5 Qe6 20. Bg3 Rcd8 21. Bc7 Rd7 22. Be5 Nc6 23. f4 Ne4 24. Bxe4 dxe4 25. Nxg7 1-0


[Site "https://www.chess.com"]

[Event "Titled Tuesday Blitz August 3 2021"]
[White "Perez Gormaz, Matias"]
[Black "Miszler, Levente"]
[WhiteFideId "3406342"]
[BlackFideId "763276"]
[WhiteElo "2414"]
[BlackElo "1967"]
[Result "1-0"]
[Round "08"]
[TimeControl "180+1"]
[Date "2021.08.03"]
[WhiteClock "0:00:10"]
[BlackClock "0:00:03"]

1. e4 e6 2. d3 d5 3. Nd2 Nf6 4. Ngf3 Be7 5. g3 O-O 6. Bg2 c5 7. O-O Nc6 8. e5 Nd7 9. Re1 b5 10. Nf1 Bb7 11. h4 Qc7 12. Bf4 Rfc8 13. Ne3 Qd8 14. Ng4 h6 15. Qd2 Bf8 16. Kh1 a5 17. Rg1 a4 18. a3 b4 19. Ngh2 bxa3 20. bxa3 c4 21. d4 c3 22. Qc1 Na5 23. h5 Nc4 24. g4 f5 25. g5 Kh7 26. Bf1 Qe8 27. gxh6 Qxh5 28. Ng5+ Kh8 29. Nxe6 gxh6 30. Bd3 Ndxe5 31. dxe5 d4+ 32. f3 Bxf3+ 33. Rg2 Bxg2+ 34. Kxg2 Qg6+ 35. Bg5 Be7 36. Nf3 hxg5 37. Nfxd4 Bc5 38. Bxf5 Qh5 39. Qh1 Ne3+ 40. Kg3 Nxf5+ 41. Nxf5 Qxh1 42. Rxh1+ Kg8 43. Nh6+ Kh7 44. Kg4 Kg6 45. Nf5 Rc6 46. Rh6+ Kf7 47. Nxg5+ Ke8 48. Rxc6 Kd7 49. Rxc5 Rh8 50. e6+ Ke8 51. Rc8# 1-0


[Site "https://www.chess.com"]

[Event "Titled Tuesday Blitz August 3 2021"]
[White "Pert, Richard G"]
[Black "freshfoodcompany"]
[WhiteFideId "404748"]
[WhiteElo "2441"]
[BlackElo "2452"]
[Result "0-1"]
[Round "08"]
[TimeControl "180+1"]
[Date "2021.08.03"]
[WhiteClock "0:00:21"]
[BlackClock "0:00:45"]

1. d4 d5 2. Nc3 Nf6 3. e4 Nxe4 4. Nxe4 dxe4 5. Bc4 Bf5 6. g4 Bg6 7. Ne2 e6 8. h4 h6 9. Nf4 Bh7 10. g5 e5 11. g6 exf4 12. Bxf7+ Ke7 13. Qe2 Qxd4 14. Bxf4 Bg8 15. Rd1 Qa4 16. b3 Qc6 17. Bxg8 Rxg8 18. Rd4 Qc3+ 19. Rd2 Kf6 20. Qxe4 Bb4 21. Bg5+ hxg5 22. hxg5+ Kxg5 23. f4+ Kf6 24. O-O Bc5+ 25. Rdf2 Qg3+ 0-1


[Site "https://www.chess.com"]

[Event "Titled Tuesday Blitz August 3 2021"]
[White "Petrovskyi, Vadym"]
[Black "Swicarz, Maciej"]
[WhiteFideId "14165210"]
[BlackFideId "1113585"]
[WhiteElo "2305"]
[BlackElo "2199"]
[Result "1-0"]
[Round "08"]
[TimeControl "180+1"]
[Date "2021.08.03"]
[WhiteClock "0:00:31"]
[BlackClock "0:00:32"]

1. e4 c6 2. d4 d5 3. Nc3 a6 4. Nf3 Bg4 5. Be2 e6 6. O-O Nf6 7. exd5 cxd5 8. h3 Bxf3 9. Bxf3 Nc6 10. Re1 Be7 11. Bf4 Qb6 12. Be3 Qxb2 13. Na4 Qa3 14. c3 O-O 15. Rb1 b5 16. Nc5 Bxc5 17. dxc5 Qxc3 18. Rc1 Qa3 19. Bg5 Nd7 20. Bf4 Rac8 21. Bd6 Rfe8 22. Qd2 Qb4 23. Qg5 Qd4 24. Rcd1 Qf6 25. Qe3 Na5 26. Bxd5 h6 27. Be4 Nc4 28. Qg3 Nxc5 29. Bb1 e5 30. Bxc5 Rxc5 31. Rd7 Nb6 32. Rb7 Nd5 33. Rd1 Nf4 34. Qf3 Rd8 35. Rxd8+ Qxd8 36. Qe4 g6 37. g3 Nxh3+ 38. Kh2 Nxf2 39. Qf3 Ng4+ 40. Qxg4 Qd2+ 41. Kh3 Rc1 42. Qf3 f5 43. Rb8+ Kg7 44. Qb7+ Kf6 45. Rf8+ Kg5 46. Qe7+ Kh5 47. Qh4# 1-0


[Site "https://www.chess.com"]

[Event "Titled Tuesday Blitz August 3 2021"]
[White "Piesik, Piotr"]
[Black "Hoffmann, Asa"]
[WhiteFideId "1136194"]
[BlackFideId "2001470"]
[WhiteElo "2354"]
[BlackElo "2117"]
[Result "1-0"]
[Round "08"]
[TimeControl "180+1"]
[Date "2021.08.03"]
[WhiteClock "0:01:30"]
[BlackClock "0:01:13"]

1. Nf3 d6 2. d4 Bg4 3. e4 Nf6 4. Nbd2 c6 5. Bd3 e6 6. h3 Bh5 7. O-O d5 8. e5 Nfd7 9. c3 c5 10. Re1 Nc6 11. g4 Bg6 12. Nf1 Qb6 13. Ng3 Be7 14. Bf1 O-O-O 15. h4 h5 16. gxh5 Bxh5 17. Nxh5 Rxh5 18. Bg5 f6 19. exf6 gxf6 20. Bf4 Rg8+ 21. Bg3 Qxb2 22. Rxe6 Qxc3 23. Rc1 Qa5 24. Ne5 fxe5 25. Qxh5 Nxd4 26. Rxe7 Qd2 27. Re8+ Rxe8 28. Qxe8+ Kc7 29. Bxe5+ Nxe5 30. Qxe5+ Kc6 31. Qe8+ Kd6 32. Qf8+ Kd7 33. Bh3+ 1-0


[Site "https://www.chess.com"]

[Event "Titled Tuesday Blitz August 3 2021"]
[White "Praggnanandhaa R"]
[Black "Ivanisevic, Ivan"]
[WhiteFideId "25059530"]
[BlackFideId "912417"]
[WhiteElo "2555"]
[BlackElo "2499"]
[Result "1-0"]
[Round "08"]
[TimeControl "180+1"]
[Date "2021.08.03"]
[WhiteClock "0:01:16"]
[BlackClock "0:01:20"]

1. Nf3 d5 2. g3 g6 3. c4 dxc4 4. Na3 Bg7 5. Nxc4 Nc6 6. d3 e5 7. Bd2 Nge7 8. b4 a6 9. Rc1 O-O 10. Bg2 Be6 11. O-O h6 12. a4 Bd5 13. b5 axb5 14. axb5 Nd4 15. Nfxe5 Bxg2 16. Kxg2 Qd5+ 17. e4 Qxb5 18. Rb1 Qa6 19. Bc3 Ne6 20. Qc2 b5 21. Ra1 Qc8 22. Ne3 c5 23. Rxa8 Qxa8 24. Nd7 Rd8 25. Bxg7 Kxg7 26. Qc3+ Nd4 27. Nxc5 Nc6 28. Nd5 b4 29. Nxb4 Qa5 30. Nb7 1-0


[Site "https://www.chess.com"]

[Event "Titled Tuesday Blitz August 3 2021"]
[White "Rodrigue-Lemieux, Shawn"]
[Black "Nasyrova, Ekaterina"]
[WhiteFideId "2620049"]
[BlackFideId "44157797"]
[WhiteElo "1763"]
[BlackElo "2115"]
[Result "0-1"]
[Round "08"]
[TimeControl "180+1"]
[Date "2021.08.03"]
[WhiteClock "0:01:17"]
[BlackClock "0:00:11"]

1. c4 e6 2. g3 d5 3. Bg2 Nf6 4. Nf3 d4 5. O-O c5 6. e3 Nc6 7. exd4 cxd4 8. d3 Bd6 9. Re1 O-O 10. a3 a5 11. Bg5 h6 12. Bxf6 Qxf6 13. Nbd2 Qd8 14. Ne4 Be7 15. h4 Rb8 16. Qa4 Bd7 17. Qc2 Qc7 18. Rad1 e5 19. h5 Bg4 20. Rb1 Bxh5 21. c5 Rfc8 22. b4 axb4 23. axb4 b5 24. Nd6 Bxd6 25. cxd6 Qxd6 26. Nd2 Nxb4 27. Qb3 Na6 28. Ne4 Qc7 29. Bh3 Rd8 30. Rbc1 Qb6 31. Nd2 Nc5 32. Qb1 Bg6 33. Bf1 Nd7 34. Nf3 Qd6 35. Nh4 Bh7 36. Bh3 b4 37. Bf5 b3 38. Bxh7+ Kxh7 39. Nf3 Qd5 40. Nd2 b2 41. Rc7 Nc5 42. Nc4 e4 43. Rxe4 Nxe4 44. dxe4 Qe6 45. Nxb2 d3 46. e5 Qb3 47. Qc1 Qxb2 48. Qf4 Qb6 49. e6 Qxe6 50. Rxf7 d2 0-1


[Site "https://www.chess.com"]

[Event "Titled Tuesday Blitz August 3 2021"]
[White "Rottenwohrer Suarez, Juan"]
[Black "Krysa, Leandro"]
[WhiteFideId "32068182"]
[BlackFideId "116807"]
[WhiteElo "2158"]
[BlackElo "2490"]
[Result "0-1"]
[Round "08"]
[TimeControl "180+1"]
[Date "2021.08.03"]
[WhiteClock "0:01:01"]
[BlackClock "0:01:35"]

1. d4 Nf6 2. c4 g6 3. Nf3 Bg7 4. g3 b6 5. Bg2 Bb7 6. O-O O-O 7. d5 e6 8. Nc3 exd5 9. cxd5 Na6 10. e4 d6 11. e5 dxe5 12. Nxe5 Re8 13. Nc6 Bxc6 14. dxc6 Nc5 15. Qxd8 Raxd8 16. Bf4 Ne6 17. Be3 Ng4 18. Rad1 Bxc3 19. bxc3 Nxe3 20. fxe3 Rxd1 21. Rxd1 Rd8 22. Rxd8+ Nxd8 23. Bd5 Kg7 24. Kf2 Kf6 25. Kf3 Ke5 26. c4 Ne6 27. h4 h6 28. g4 a5 29. Kg3 g5 30. h5 f6 31. Bxe6 Kxe6 32. Kf3 f5 33. a4 fxg4+ 34. Kxg4 Ke5 35. Kf3 Kf5 36. e4+ Ke5 37. Ke3 g4 0-1


[Site "https://www.chess.com"]

[Event "Titled Tuesday Blitz August 3 2021"]
[White "Sadykov, Ramil"]
[Black "Nazaretyan, Tigran"]
[WhiteFideId "24113590"]
[BlackFideId "24162345"]
[WhiteElo "2300"]
[BlackElo "2214"]
[Result "1/2-1/2"]
[Round "08"]
[TimeControl "180+1"]
[Date "2021.08.03"]
[WhiteClock "0:00:09"]
[BlackClock "0:00:32"]

1. d4 Nf6 2. Nc3 d5 3. Bf4 a6 4. e3 Bf5 5. Nf3 h6 6. Ne5 e6 7. g4 Bh7 8. h4 Bb4 9. f3 c5 10. g5 Nh5 11. a3 Bxc3+ 12. bxc3 Nxf4 13. exf4 Qa5 14. Qd2 Bf5 15. g6 fxg6 16. Bd3 Nc6 17. Nxg6 Bxg6 18. Bxg6+ Kd7 19. Rb1 Kc7 20. f5 cxd4 21. fxe6 Qxc3 22. Rb3 Qa1+ 23. Kf2 Qxh1 24. Qf4+ Kc8 25. e7 Nxe7 26. Bf5+ Nxf5 27. Qxf5+ Kb8 28. Qe5+ Kc8 29. Qe6+ Kb8 30. Qd6+ Kc8 31. Qe6+ Kb8 32. Qd6+ Kc8 33. Qe6+ 1/2-1/2


[Site "https://www.chess.com"]